 Dungeon Crawl Stone Soup version 0.25.1-8-g42b30a86e7 (webtiles) character file.

Game seed: 5140549375261948301

2027 Erymatos the Cleaver (level 9, -3/79 HPs)
             Began as a Minotaur Berserker on Dec 1, 2020.
             Was an Elder of Trog.
             Slain by a gnoll
             ... wielding a +3 spear of electrocution
              (6 damage)
             ... on level 6 of the Dungeon.
             The game lasted 00:06:41 (5170 turns).

Erymatos the Cleaver (Minotaur Berserker)           Turns: 5170, Time: 00:06:43

Health: -3/79      AC: 14    Str: 25    XL:     9   Next: 3%
Magic:  8/8        EV:  4    Int:  4    God:    Trog [****..]
Gold:   455        SH:  0    Dex: 10    Spells: 8/8 levels left

rFire    . . .     SeeInvis .   x - +6 battleaxe (vamp)
rCold    . . .     Gourm    .   (shield currently unavailable)
rNeg     . . .     Faith    +   t - +0 plate armour
rPois    .         Spirit   .   (helmet restricted)
rElec    .         Reflect  .   (no cloak)
rCorr    .         Harm     .   (no gloves)
MR       ++...                  o - +0 pair of boots
Stlth    ..........             g - amulet of faith
HPRegen  1.23/turn              (no ring)
MPRegen  0.11/turn              (no ring)

@: berserk cooldown, held, regenerating, slowed, very slow
A: retaliatory headbutt, horns 2
a: Berserk, Trog's Hand, Brothers in Arms, Renounce Religion


You were on level 6 of the Dungeon.
You worshipped Trog.
Trog was greatly pleased with you.
You were near starving.

You visited 1 branch of the dungeon, and saw 6 of its levels.

You collected 455 gold pieces.

Inventory:

Hand Weapons
 a - a +0 hand axe
 x - a +6 vampiric battleaxe (weapon)
 z - the +2 spear of Delicate Blind Justice {elec, rPois rF- rN+}
   (You took it off a gnoll sergeant on level 6 of the Dungeon)

   Occasionally, upon striking a foe, it will discharge some electrical energy
   and cause terrible harm.
   It makes you vulnerable to fire.
   It protects you from poison.
   It protects you from negative energy.
Armour
 b - a +0 animal skin
 n - a +0 chain mail
 o - a +0 pair of boots (worn)
 t - a +0 plate armour (worn)
 F - the +4 kite shield "Dyurur" {rN+}
   (You took it off a gnoll sergeant on level 6 of the Dungeon)

   It protects you from negative energy.
 G - the +1 ring mail of Hangman {Dex+7}
   (You took it off a gnoll sergeant on level 6 of the Dungeon)

   It affects your dexterity (+7).
Jewellery
 g - an amulet of faith (around neck)
Wands
 r - a wand of random effects (19)
 y - a wand of iceblast (9)
 D - a wand of clouds (5)
 E - a wand of polymorph (5)
Scrolls
 e - 3 scrolls of enchant weapon {unknown}
 f - 5 scrolls of teleportation {unknown}
 h - a scroll of fear {unknown}
 i - a scroll of magic mapping {unknown}
 j - 2 scrolls of amnesia {unknown}
 k - 2 scrolls of identify {unknown}
 l - 3 scrolls of random uselessness {unknown}
 p - 3 scrolls of remove curse {unknown}
 s - a scroll of immolation {unknown}
 B - a scroll of noise {unknown}
 C - a scroll of silence {unknown}
Potions
 d - 2 potions of degeneration {unknown}
 m - 5 potions of heal wounds {unknown}
 q - 2 potions of brilliance {unknown}
 u - 2 potions of ambrosia {unknown}
 v - a potion of resistance {unknown}
 w - 2 potions of curing {unknown}
 A - a potion of lignification {unknown}
Comestibles
 c - 13 rations


   Skills:
 + Level 7.2 Fighting
 * Level 11.3 Axes
 + Level 6.5 Armour
 + Level 3.0 Dodging


You had 8 spell levels left.
You didn't know any spells.
Your spell library was empty.

Dungeon Overview and Level Annotations

Branches:
Dungeon (6/15)
 Temple: D:4-7

Altars:
Qazlal
Uskayaw
The Shining One

Shops:
D:5 %

Annotations:
D:6 1 transporter


Innate Abilities, Weirdness & Mutations

You reflexively headbutt those who attack you in melee.
You have a pair of horns on your head.


Message History

The gnoll sergeant burns you.
Unknown command.
The gnoll shouts!
You hear a shout!
The gnoll sergeant completely misses you.
The gnoll zaps a wand.
The bolt of acid hits you!
You are splashed with acid!
* * * LOW HITPOINT WARNING * * *
The gnoll sergeant hits you from afar with a +3 trident of flaming!
* * * LOW HITPOINT WARNING * * *
The gnoll sergeant burns you.
* * * LOW HITPOINT WARNING * * *
You fail to use your ability.
The gnoll sergeant hits you but does no damage.
You fail to use your ability.
The gnoll throws a throwing net.
The throwing net hits you.
You become entangled in the net!
The gnoll sergeant hits you from afar with a +3 trident of flaming!
* * * LOW HITPOINT WARNING * * *
The gnoll sergeant burns you.
* * * LOW HITPOINT WARNING * * *
The gnoll hits you from afar with a +3 spear of electrocution.
You die...

#.≈≈≈≈≈≈≈≈≈≈≈≈≈≈≈≈≈.#
#.≈≈####.....####≈≈.#
#.≈≈#..#8###8#..#≈≈.#
#.≈≈#..###.###..#≈≈.#
##.≈≈#...........#≈≈.#
#..≈≈###.##'##.###≈≈.#
#..≈≈.[#.#P.P#.#..≈≈.#
#..≈≈.##.'...'.##.≈≈.##
#..≈≈.#..#P@P#..#.≈≈..#
#..≈≈.##.##†##.##.≈≈..#
#..≈≈..#.#.gg#.#......#
#..≈≈.©#.g.©.).#©.....#
##..≈≈..#.#8⌠8#.#......#
#...≈≈.##g#####.##.≈≈..#
#.#.≈≈.#..#g:%#.©#.≈≈..#
#####.#.≈≈.##.#W.$#.##.≈≈..#
..#...#.≈≈..#.#.$$#.#..≈≈..#


You could see a gnoll sergeant and 3 gnolls.

Vanquished Creatures
  The ghost of ghwc the Cleaver, a novice MiBe of Trog (D:6)
  Prince Ribbit (D:5)
  Menkaure (D:6)
  2 ice beasts (D:6)
  A black bear (D:6)
  An ogre (D:6)
  A bullfrog (D:6)
  Blork the orc (D:5)
  2 gnoll sergeants
  2 howler monkeys (D:6)
  A jelly (D:6)
  2 orc priests
  A gnoll shaman (D:6)
  5 orc wizards
  4 worker ants
  3 hound skeletons
  6 gnolls
  4 adders
  An adder skeleton (D:4)
  2 worms
  2 dart slugs
  3 leopard geckos
  13 orcs
  3 ball pythons
  7 bats
  7 giant cockroaches
  9 goblins
  8 hobgoblins
  7 kobolds
  3 quokkas
  7 frilled lizards
  A leopard gecko skeleton (D:5)
  A quokka skeleton (D:4)
  5 rats
  A plant (D:6)
119 creatures vanquished.

Vanquished Creatures (others)
  A plant (D:6)
1 creature vanquished.

Grand Total: 120 creatures vanquished

Notes
Turn   | Place    | Note
-------+----------+-------------------------------------------
     0 | D:1      | Erymatos the Minotaur Berserker began the quest for the
                  | Orb.
     0 | D:1      | Reached XP level 1. HP: 19/19 MP: 0/0
   203 | D:1      | Reached XP level 2. HP: 16/27 MP: 1/1
   206 | D:1      | Reached skill level 4 in Axes
   831 | D:2      | Found a stormy altar of Qazlal.
   871 | D:2      | Reached ** piety under Trog
  1199 | D:2      | Reached XP level 3. HP: 34/34 MP: 2/2
  2328 | D:3      | Reached XP level 4. HP: 27/41 MP: 3/3
  2333 | D:3      | Reached skill level 5 in Axes
  2683 | D:4      | Reached *** piety under Trog
  2683 | D:4      | Reached XP level 5. HP: 23/47 MP: 4/4
  2683 | D:4      | Reached skill level 5 in Fighting
  2685 | D:4      | Reached skill level 6 in Axes
  3545 | D:5      | Entered Level 5 of the Dungeon
  3546 | D:5      | Noticed Prince Ribbit
  3557 | D:5      | Reached XP level 6. HP: 56/56 MP: 5/5
  3647 | D:5      | Noticed Blork the orc
  3659 | D:5      | HP: 4/84 [Blork the orc/+6 vampiric battleaxe (11)]
  3662 | D:5      | Killed Blork the orc
  3705 | D:5      | Reached skill level 7 in Axes
  3827 | D:5      | Killed Prince Ribbit
  3827 | D:5      | Reached skill level 5 in Armour
  3827 | D:5      | Reached XP level 7. HP: 62/62 MP: 6/6
  3871 | D:5      | Found Ciwuez Rerph's Food Boutique.
  4499 | D:6      | Reached skill level 8 in Axes
  4607 | D:6      | Reached XP level 8. HP: 71/71 MP: 7/7
  4608 | D:6      | Found a glowing golden altar of the Shining One.
  4658 | D:6      | Found a hide-covered altar of Uskayaw.
  4770 | D:6      | Reached skill level 9 in Axes
  4775 | D:6      | Reached **** piety under Trog
  4815 | D:6      | Found a transporter.
  4815 | D:6      | Found a transporter.
  4852 | D:6      | Identified the +2 spear of Delicate Blind Justice {elec,
                  | rPois rF- rN+}
  4852 | D:6      | Identified the +1 ring mail of Hangman {Dex+7}
  4852 | D:6      | Identified the +4 kite shield "Dyurur" {rN+}
  4883 | D:6      | Noticed ghwc's ghost (novice MiBe)
  5041 | D:6      | Noticed Menkaure
  5046 | D:6      | Killed Menkaure
  5046 | D:6      | Reached skill level 10 in Axes
  5155 | D:6      | Killed ghwc's ghost
  5155 | D:6      | Reached skill level 11 in Axes
  5155 | D:6      | Reached XP level 9. HP: 52/79 MP: 8/8
  5170 | D:6      | HP: 3/79 [gnoll sergeant/+3 trident of flaming (2)]
  5170 | D:6      | Slain by a gnoll

Illustrated notes

Levels and vault maps discovered:
D:1:      minmay_arrival_split_and_join, layout_rooms
D:2:      layout_loops_corners, first_ration, grunt_qazlal_clouds
D:3:      layout_basic, roderic_serpentine_path
D:4:      layout_loops_ring, serial_glass, glass_columns_c, glass_columns_a
D:5:      layout_basic, serial_shops, shop, hangedman_glass_garden,
          uniq_blork_the_orc, uniq_prince_ribbit1
D:6:      layout_basic, nicolae_overflow_crystal_walls,
          gammafunk_ghost_gnarly_gnolls, tso_metal_star, uniq_menkaure

Skill      XL: |  1  2  3  4  5  6  7  8 |
---------------+-------------------------+-----
Fighting       | 4 5 6 7 |  7.2
Axes           | 4 5 6 7 8 11 | 11.3
Armour         | 3 5 6 |  6.5
Dodging        | 3 |  3.0

Action                   |  1- 3 |  4- 6 |  7- 9 || total
-------------------------+-------+-------+-------++-------
Melee: Hand axe          |   113 |    62 |       ||   175
       Headbutt          |    19 |    18 |    13 ||    50
       Battleaxe         |       |    32 |    68 ||   100
Invok: Berserk           |     1 |     4 |     1 ||     6
       Trog's Hand       |       |     3 |     1 ||     4
  Eat: Chunk             |     5 |     6 |     4 ||    15
       Ration            |       |     1 |       ||     1
Armor: Animal skin       |    12 |       |       ||    12
       Chain mail        |    19 |    17 |       ||    36
       Plate armour      |       |    41 |    60 ||   101
Dodge: Dodged            |    76 |    39 |    26 ||   141
